 Dungeon Crawl Stone Soup version 0.28-a0-793-g31680bbd8b (webtiles) character file.

Game seed: 14278009979690648067

49 siradein the Skirmisher (level 3, -1/43 HPs)
             Began as a Demonspawn Berserker on Nov 5, 2021.
             Was a Believer of Trog.
             Slain by Terence (6 damage)
             ... on level 2 of the Dungeon.
             The game lasted 00:02:02 (1617 turns).

siradein the Skirmisher (Demonspawn Berserker)      Turns: 1617, Time: 00:02:02

Health: -1/43      AC:  8    Str: 23    XL:     3   Next: 51%
Magic:  3/3        EV: 10    Int:  8    God:    Trog [**....]
Gold:   96         SH:  0    Dex: 13    Spells: 2/2 levels left

rFire   . . .      SeeInvis .   a - +0 mace
rCold   . . .      Faith    .   (no shield)
rNeg    . . .      Spirit   .   d - +0 scale mail
rPois   .          Reflect  .   (no helmet)
rElec   .          Harm     .   (no cloak)
rCorr   .          Rampage  .   (no gloves)
Will    .....                   (no boots)
Stlth   ..........              (no amulet)
HPRegen 0.14/turn               b - +6 ring of strength
MPRegen 0.08/turn               (no ring)

@: berserking, very quick
A: icy blue scales 1, powered by death 1
a: Renounce Religion, Berserk, Trog's Hand


You were on level 2 of the Dungeon.
You worshipped Trog.
Trog was pleased with you.
You visited 1 branch of the dungeon, and saw 2 of its levels.

You collected 96 gold pieces.

Inventory:

Hand Weapons
 a - a +0 mace (weapon)
Missiles
 c - 2 javelins (quivered)
Armour
 d - a +0 scale mail (worn)
Jewellery
 b - a +6 ring of strength (left hand)
Scrolls
 e - a scroll of enchant armour {unknown}
 f - a scroll of amnesia {unknown}
 g - a scroll of identify {unknown}


   Skills:
 + Level 3.4 Fighting
 + Level 3.1 Maces & Flails
 + Level 2.3 Armour
 + Level 2.3 Dodging


You had 2 spell levels left.
You didn't know any spells.
Your spell library was empty.

Dungeon Overview and Level Annotations

Branches:
Dungeon (2/15)

Altars:

Annotations:
D:2 Jessica, Terence


Innate Abilities, Weirdness & Mutations

You are partially covered in icy blue scales. (AC +2)
You regenerate a little health from kills.


Message History

Moving in this stuff is going to be slow.
Items here: ( ) ††.
You now have 96 gold pieces (gained 7).
Jessica and Terence come into view.
Terence is wielding a +2 short sword of distortion.
Terence shouts!
Jessica shouts!
You see here a scroll labelled UPLIMU WYNIRCH.
You start waiting.
Terence is nearby!
You enter the shallow water.
Moving in this stuff is going to be slow.
You see here a +0 spear.
You see here a +0 dagger.
You closely miss Terence. You closely miss Terence.
Terence splashes around in the water.
You hit Terence but do no damage.
Terence splashes around in the water.
Jessica casts a spell.
Jessica blinks!
Terence splashes around in the water.
You hit Terence.
Terence is lightly wounded.
Jessica gestures wildly while chanting.
Jessica blinks!
Terence hits you with a +2 short sword of distortion.
Space warps around you.
You hit Terence.
Terence is lightly wounded.
Terence splashes around in the water.
You hit Terence.
Terence is moderately wounded.
Terence barely misses you.
You hit Terence.
Terence is heavily wounded.
Terence hits you but does no damage. Space warps horribly around you!
Ouch! That really hurt!
* * * LOW HITPOINT WARNING * * *
Terence barely misses you.
A red film seems to cover your vision as you go berserk!
You feel yourself moving faster!
You feel mighty!
Terence hits you with a +2 short sword of distortion.
You die...

#...........##....#
##...........##....#
...#≈≈≈≈≈≈@####8..8#
#≈≈≈≈≈≈≈≈≈≈≈≈≈#8..8#
≈≈≈≈≈≈≈≈≈≈≈≈≈≈≈≈..≈###
≈≈≈≈≈≈@≈≈≈≈≈≈≈≈≈..≈≈≈####
≈≈≈≈≈≈...≈≈≈≈≈≈≈..≈≈≈≈≈≈#
≈≈≈....#....≈≈≈)..≈≈≈≈≈≈≈
≈...#######....@@.≈≈≈≈≈≈≈
.@.## ####.8..8≈≈≈≈≈≈
.#..# #.8..8...≈≈≈ ..#.#
#......#.... #.#.#
#......##### ..#.#
#......# ..#.. ########
..##. ...#.#


You could see Terence and Jessica.

Vanquished Creatures
  A gnoll (D:2)
  A dart slug (D:2)
  2 ball pythons
  An endoplasm (D:1)
  A giant cockroach (D:1)
  A goblin (D:1)
  6 hobgoblins
  4 jackals (D:1)
  3 quokkas (D:1)
  A bat (D:1)
  A frilled lizard (D:2)
  7 kobolds
  6 rats
35 creatures vanquished.

Notes
Turn   | Place    | Note
-------+----------+-------------------------------------------
     0 | D:1      | siradein the Demonspawn Berserker began the quest for the
                  | Orb.
     0 | D:1      | Reached XP level 1. HP: 18/18 MP: 1/1
   382 | D:1      | Gained mutation: You are partially covered in icy blue
                  | scales. (AC +2) [demonic ancestry]
   382 | D:1      | Reached XP level 2. HP: 20/24 MP: 2/2
   454 | D:1      | Found a faded altar of an unknown god.
  1390 | D:2      | Gained mutation: You regenerate a little health from kills.
                  | [demonic ancestry]
  1390 | D:2      | Reached XP level 3. HP: 29/29 MP: 3/3
  1435 | D:2      | Reached ** piety under Trog
  1583 | D:2      | Noticed Terence
  1583 | D:2      | Noticed Jessica
  1617 | D:2      | Slain by Terence

Illustrated notes

Levels and vault maps discovered:
D:1:      giann_forest_graveyard, layout_loops_ring,
          shapermc_ecumenical_altar_petra, chequers_arboretum,
          minmay_misc_feat_pillars
D:2:      wander_river, layout_basic, minmay_tall_x, uniq_terence,
          uniq_crazy_yiuf_cottage, uniq_jessica

Skill      XL: |  1  2 |
---------------+-------+-----
Armour         | 2 |  2.3
Dodging        | 2 |  2.3
Maces & Flails | 3 |  3.1
Fighting       | |  3.4

Action                   || total
-------------------------++-------
Melee: Mace              ||   139
Invok: Berserk           ||     1
Armor: Scale mail        ||    67
Dodge: Dodged            ||    92

Table legend: (Time is in decaauts)
 A = Elapsed time spent in this place.
 B = Non-inter-level travel time spent in this place.
 C = Inter-level travel time spent in this place.
 D = Time resting spent in this place.
 E = Time spent auto-exploring this place.
 F = Levels seen in this place.
 G = Mean time per level.
                   A        B        C        D        E       F      G
               +--------+--------+--------+--------+--------+-----+--------+
         Total |   1652 |   1618 |     34 |      3 |   1254 |   2 |  826.0 |
       Dungeon |   1652 |   1618 |     34 |      3 |   1254 |   2 |  826.0 |
               +--------+--------+--------+--------+--------+-----+--------+

Top non-repeatable levels by time:
     D:1: 1356 daAuts
     D:2: 296 daAuts
